[Event "ICC tourney 2545 (5 3)"]
[Site "Internet Chess Club"]
[Date "2021.04.11"]
[Round "3"]
[White "Iulia85"]
[Black "mansoortJ22"]
[Result "0-1"]
[ICCResult "White checkmated"]
[WhiteElo "1616"]
[BlackElo "1533"]
[Opening "Vienna gambit"]
[ECO "C29"]
[NIC "VG.04"]
[Time "14:53:43"]
[TimeControl "300+3"]

1. e4 e5 2. Nc3 Nf6 3. f4 exf4 4. e5 Qe7 5. Qe2 Ng8 6. Nf3 Nc6 7. d4 d5 8.
Nxd5 Qd8 9. c4 Bg4 10. Qe4 Nge7 11. Nxe7 Bxf3 12. gxf3 Qxe7 13. Bxf4 Qb4+
14. Bd2 Qxb2 15. Rb1 Qxd4 16. Qxd4 Nxd4 17. Bg2 b6 18. f4 O-O-O 19. a4 a5
20. Bh3+ Kb8 21. Bxa5 Nc2+ 22. Ke2 Rd4 23. Bxb6 cxb6 24. Rxb6+ Ka7 25. Rhb1
Bb4 26. Rb5 Rd2+ 27. Kf1 Rhd8 28. Bg4 Ne3+ 29. Kg1 Rg2+ 30. Kh1 Rdd2 31. Bf3
Rxh2+ 32. Kg1 Nc2 33. Rb7+ Ka6 34. Rxf7 Rhf2 35. Be4 Rfe2 36. Bd5 Bc5+ 37.
Kf1 Ne3+ 38. Kg1 Nxd5+ 39. Kf1 Ne3+ 40. Kg1 Rg2+ 41. Kh1 Rh2+ 42. Kg1 Ng4+
43. Kf1 Rh1# {White checkmated} 0-1

[Event "ICC tourney 2545 (5 3)"]
[Site "Internet Chess Club"]
[Date "2021.04.11"]
[Round "3"]
[White "PeterOsgood"]
[Black "e4f5"]
[Result "1-0"]
[ICCResult "Black resigns"]
[WhiteElo "1903"]
[BlackElo "1862"]
[Opening "English, 1...Nf6 (Anglo-Indian defense)"]
[ECO "A15"]
[NIC "EO.64"]
[Time "14:53:43"]
[TimeControl "300+3"]

1. c4 Nf6 2. g3 g6 3. Bg2 Bg7 4. Nc3 O-O 5. e4 d6 6. Nge2 c5 7. O-O Nc6 8.
d3 Ne8 9. Be3 Nd4 10. Qd2 Nc7 11. f4 Bg4 12. h3 Bxe2 13. Nxe2 Nce6 14. Nc3
Qa5 15. Nd5 Qxd2 16. Nxe7+ Kh8 17. Bxd2 Nc2 18. Rac1 Nb4 19. f5 Nd4 20. f6
Ne2+ 21. Kh2 Bxf6 22. Rxf6 Nxc1 23. Bxc1 Nxd3 24. Bh6 Nxb2 25. Bxf8 Rxf8 26.
Rxd6 Nxc4 27. Rd7 Rb8 28. Rc7 Ne3 29. Rxc5 b6 30. Rc8+ Rxc8 31. Nxc8 Kg7 32.
Nxa7 Kf6 33. Nc6 Ke6 34. Kg1 Kd6 35. Nb4 Kc5 36. Nd5 Nd1 37. Kf1 b5 38. Ke2
Nb2 39. Nf6 Na4 40. Kd3 h5 41. e5 Nb6 42. Be4 Nc4 43. Nd7+ Kb4 44. Bd5
{Black resigns}
1-0

[Event "ICC tourney 2545 (5 3)"]
[Site "Internet Chess Club"]
[Date "2021.04.11"]
[Round "3"]
[White "Champi"]
[Black "Comeback2016"]
[Result "1-0"]
[ICCResult "Black resigns"]
[WhiteElo "2421"]
[BlackElo "1721"]
[Opening "King's Indian: Torre attack"]
[ECO "A48"]
[NIC "QP.01"]
[Time "14:52:31"]
[TimeControl "300+3"]

1. d4 Nf6 2. Nf3 g6 3. Bg5 Bg7 4. Nbd2 d5 5. e3 O-O 6. Bd3 c5 7. c3 b6 8.
O-O Bb7 9. b4 Ne4 10. Qc2 Nxg5 11. Nxg5 e5 12. Nh3 cxd4 13. cxd4 exd4 14.
exd4 Bxd4 15. Rad1 Nc6 16. a3 Ne5 17. Be2 Rc8 18. Qa4 Qh4 19. Qxa7 Bc6 20.
Nf3 Nxf3+ 21. Bxf3 Rfd8 22. g3 Qf6 23. Bg2 Rd7 24. Qa6 Ra8 25. Qd3 Be5 26.
b5 Bb7 27. Qb3 Bd6 28. a4 Bc5 29. Bxd5 Rad8 30. Bxb7 Rxd1 31. Rxd1 Rxd1+ 32.
Qxd1 Qf5 33. Kg2 g5 34. Bf3 g4 35. Bxg4 Qe4+ 36. Bf3 Qb4 37. Qd8+ Kg7 38.
Qg5+ Kf8 39. Qg4 Qd2 40. Qe4 Kg7 41. Qe2 Qb4 42. Qc2 Qd4 43. Nf4 h6 44. h4
Kf8 45. h5 Kg7 46. Nd3 Be7 47. Qb2 Bf6 48. Qxd4 Bxd4 49. Bd5 Kf6 50. f4 Ke7
51. Kf3 f6 52. Ke4 Bc3 53. Kf5 Kd6 54. Be4 Ke7 55. Kg6 Bd2 56. Kxh6 f5 57.
Bxf5 Kf6 58. Be4 Bc3 59. Kh7 Kf7 60. h6 Bd4 61. g4 Be3 62. g5 Bd4 63. g6+
Kf8 64. g7+ {Black resigns} 1-0

[Event "ICC tourney 2545 (5 3)"]
[Site "Internet Chess Club"]
[Date "2021.04.11"]
[Round "3"]
[White "FootDoc"]
[Black "pumukel"]
[Result "0-1"]
[ICCResult "White resigns"]
[WhiteElo "1612"]
[BlackElo "1558"]
[Opening "Bird's opening"]
[ECO "A03"]
[NIC "VO.07"]
[Time "14:53:43"]
[TimeControl "300+3"]

1. f4 d5 2. Nf3 c6 3. e3 Nd7 4. Be2 Ngf6 5. O-O e6 6. d3 Bc5 7. Kh1 Ng4 8.
d4 Bb6 9. Ne5 Ngf6 10. Qe1 O-O 11. Qg3 c5 12. c3 cxd4 13. exd4 Ne4 14. Qe1
Ndf6 15. g4 Ne8 16. Bf3 N8d6 17. Nd2 f5 18. gxf5 exf5 19. Rg1 Be6 20. Nxe4
Nxe4 21. Qe2 a6 22. Qg2 Qe7 23. Be3 Rf6 24. Bxe4 dxe4 25. Bf2 Bd5 26. Be3
Raf8 27. Qe2 Rh6 28. Rg2 Bd8 29. Rag1 g6 30. c4 Bf7 31. b3 Qh4 32. Bf2 Qh3
33. Be1 Bf6 34. Bb4 Bxe5 35. dxe5 Rd8 36. Rg3 Qh4 37. Qg2 Qxf4 38. Bd6 Qh4
39. Rd1 Rh5 40. Rd2 Kg7 41. Kg1 Be6 42. Kf2 Kf7 43. Ke1 f4 44. Be7 Rxd2 45.
Qxd2 Qxh2 46. Rg2 Qh1+ 47. Ke2 e3 48. Qd8 Qxg2+ 49. Kd3 Qd2+ 50. Ke4 Qxd8
51. Bxd8 e2 {White resigns} 0-1

[Event "ICC tourney 2545 (5 3)"]
[Site "Internet Chess Club"]
[Date "2021.04.11"]
[Round "3"]
[White "Vodkachaiii"]
[Black "shirovinster"]
[Result "0-1"]
[ICCResult "White checkmated"]
[WhiteElo "1576"]
[BlackElo "1811"]
[Opening "Caro-Kann: Tartakower (Nimzovich) variation"]
[ECO "B15"]
[NIC "CK.06"]
[Time "14:53:23"]
[TimeControl "300+3"]

1. e4 c6 2. d4 d5 3. Nd2 dxe4 4. Nxe4 Nf6 5. Nxf6+ exf6 6. c3 Bd6 7. Be2 O-O
8. Nf3 Re8 9. O-O Nd7 10. Be3 Nf8 11. h3 Ng6 12. Bd3 Nf4 13. Bxf4 Bxf4 14.
Qc2 g6 15. Rfe1 Be6 16. h4 Bg4 17. Nh2 Be6 18. h5 Kg7 19. hxg6 hxg6 20. Re4
Qc7 21. Nf3 Rh8 22. Rae1 Bd5 23. Re7 Qb8 24. Be4 Bd6 25. Bxd5 Bxe7 26. Rxe7
cxd5 27. Qb3 Re8 28. Rxb7 Qd8 29. Rb5 Rb8 30. Rxb8 Qxb8 31. Qxd5 Qxb2 32. c4
Qc1+ 33. Kh2 Rh8+ 34. Kg3 g5 35. Qf5 Qxc4 36. Nxg5 Qc7+ 37. f4 fxg5 38.
Qxg5+ Kf8 39. Kf3 Rg8 40. Qh6+ Ke8 41. Qh7 Qc6+ 42. Ke2 Rxg2+ 43. Kd1 Qf3+
44. Kc1 Qf1# {White checkmated} 0-1

[Event "ICC tourney 2545 (5 3)"]
[Site "Internet Chess Club"]
[Date "2021.04.11"]
[Round "3"]
[White "Tudorache"]
[Black "Hunab"]
[Result "1-0"]
[ICCResult "Black forfeits on time"]
[WhiteElo "1723"]
[BlackElo "1489"]
[Opening "Réti opening"]
[ECO "A04"]
[NIC "QP.11"]
[Time "14:53:23"]
[TimeControl "300+3"]

1. Nf3 e6 2. e3 b6 3. g3 Bb7 4. Bg2 f5 5. c4 Nf6 6. O-O Be7 7. Ne5 Bxg2 8.
Kxg2 d6 9. Qa4+ Kf8 10. Nc6 Nxc6 11. Qxc6 Kf7 12. Nc3 Qd7 13. Qf3 Rhf8 14.
d3 Kg8 15. b3 c5 16. Bb2 d5 17. cxd5 exd5 18. d4 Ne4 19. Rfd1 Nxc3 20. Bxc3
Rad8 21. dxc5 bxc5 22. Rd3 Qe6 23. Rad1 c4 24. Rxd5 cxb3 25. axb3 Rc8 26.
Bd4 Rc7 27. Rd3 g6 28. Be5 Rb7 29. Qd1 Rc8 30. Qa1 Rxb3 31. Bh8 Bf8 32. Rd7
Qc6+ 33. f3 Qc2+ 34. Rd2 {Black forfeits on time} 1-0

[Event "ICC tourney 2545 (5 3)"]
[Site "Internet Chess Club"]
[Date "2021.04.11"]
[Round "3"]
[White "sakharov"]
[Black "Colchester"]
[Result "1-0"]
[ICCResult "Black forfeits on time"]
[WhiteElo "1544"]
[BlackElo "1589"]
[Opening "English opening"]
[ECO "A16"]
[NIC "EO.64"]
[Time "14:53:40"]
[TimeControl "300+3"]

1. c4 Nf6 2. Nc3 g6 3. e4 d6 4. d4 Nbd7 5. f4 c6 6. Nf3 Bg7 7. Be3 O-O 8.
Bd3 a6 9. h3 b5 10. e5 Ne8 11. f5 dxe5 12. dxe5 Nxe5 13. Nxe5 Bxe5 14. O-O
Nf6 15. fxg6 hxg6 16. Qc2 Kg7 17. Rad1 Qc7 18. Ne4 Nxe4 19. Bxe4 f5 20. Bf3
Be6 21. cxb5 axb5 22. b3 Rac8 23. Rfe1 Bf7 24. Qc5 Bf6 25. Bd4 Rfe8 26.
Bxf6+ exf6 27. Rxe8 Rxe8 28. Qxc6 Qa7+ 29. Kh2 Qxa2 30. Rd7 Qb2 31. Qxb5
{Black forfeits on time}
1-0

[Event "ICC tourney 2545 (5 3)"]
[Site "Internet Chess Club"]
[Date "2021.04.11"]
[Round "3"]
[White "TYH"]
[Black "jackdykes"]
[Result "0-1"]
[ICCResult "White resigns"]
[WhiteElo "1677"]
[BlackElo "1575"]
[Opening "English opening"]
[ECO "A13"]
[NIC "EO.64"]
[Time "14:52:42"]
[TimeControl "300+3"]

1. c4 e6 2. g3 d5 3. Bg2 c5 4. Nf3 Nf6 5. d4 Nc6 6. dxc5 Bxc5 7. O-O O-O 8.
Qc2 h6 9. Rd1 Nb4 10. Qb3 Qb6 11. e3 Ne4 12. cxd5 exd5 13. Nc3 a5 14. Nxd5
Qe6 15. Nxb4 axb4 16. Qc2 b3 17. Qe2 bxa2 18. Nd4 Qf6 19. Bxe4 Bxd4 20. Rxd4
Re8 21. Qd2 Bh3 22. Bh1 g5 23. b4 b6 24. Bb2 Qe7 25. Rd6 Qf8 26. Bf6 Re6 27.
Rxe6 fxe6 28. Bd4 Rd8 29. Qxa2 Qxb4 30. Qxe6+ Bxe6 {White resigns} 0-1

[Event "ICC tourney 2545 (5 3)"]
[Site "Internet Chess Club"]
[Date "2021.04.11"]
[Round "3"]
[White "JJrook"]
[Black "lameduck"]
[Result "1-0"]
[ICCResult "Black resigns"]
[WhiteElo "1401"]
[BlackElo "1516"]
[Opening "Sicilian: Pelikan, Chelyabinsk variation"]
[ECO "B33"]
[NIC "SI.37"]
[Time "14:53:43"]
[TimeControl "300+3"]

1. e4 c5 2. Nf3 Nc6 3. d4 cxd4 4. Nxd4 Nf6 5. Nc3 e5 6. Ndb5 d6 7. Bg5 a6 8.
Na3 b5 9. Naxb5 axb5 10. Nxb5 Be7 11. Bxf6 gxf6 12. Qd5 Bb7 13. O-O-O Na5
14. Qd2 Bxe4 15. Qh6 Rc8 16. Bd3 Bxd3 17. Rxd3 Nc6 18. Kb1 Rb8 19. a4 Nb4
20. Rc3 Nd5 21. Rd3 Nf4 22. Rc3 Rb7 23. Re1 Ne6 24. g3 Kd7 25. f4 Qf8 26.
Qh3 Kd8 27. Qg2 Rb8 28. Qc6 Qe8 29. Qa6 Qd7 30. f5 Nc5 31. Rxc5 dxc5 32. Nc3
Qb7 33. Qa5+ Ke8 34. Nb5 Kf8 35. Qd2 Kg7 36. Qe2 Rhg8 37. Qg4+ Kh8 38. Qh5
Bf8 39. Qh4 Qe7 40. Re4 Rg5 41. Nc3 Qd7 42. b3 Qxf5 43. Nd5 Qf1+ 44. Kb2 h6
45. Ne3 Qf2 46. Ng4 Rg6 47. Nxf2 {Black resigns} 1-0

[Event "ICC tourney 2545 (5 3)"]
[Site "Internet Chess Club"]
[Date "2021.04.11"]
[Round "3"]
[White "DumbartonOaks"]
[Black "JyothirUaditya"]
[Result "0-1"]
[ICCResult "White resigns"]
[WhiteElo "1289"]
[BlackElo "1421"]
[Opening "Ruy Lopez: Caro variation"]
[ECO "C70"]
[NIC "RL.09"]
[Time "14:53:42"]
[TimeControl "300+3"]

1. e4 e5 2. Nf3 Nc6 3. Bb5 a6 4. Ba4 b5 5. Bb3 Bb7 6. c3 g6 7. O-O Nf6 8. d4
exd4 9. e5 Ng4 10. cxd4 Na5 11. Bxf7+ Kxf7 12. Ng5+ Ke8 13. Qxg4 Bh6 14. e6
Bxg5 15. exd7+ Qxd7 16. Re1+ Kd8 17. Bxg5+ Kc8 18. Qg3 Re8 19. Nc3 Rxe1+ 20.
Rxe1 Kb8 21. Be3 Nc4 22. Bc1 Nd6 23. Bg5 Nc4 24. Re7 Qc6 25. d5 Qc5 26. Bf4
Qxe7 27. h4 Qe1+ 28. Kh2 Qa1 29. Bxc7+ Ka7 30. d6 Qxb2 31. d7 Qd2 32. d8=Q
Rxd8 33. Bxd8 Qxd8 34. Ne4 Bxe4 {White resigns} 0-1

[Event "ICC tourney 2545 (5 3)"]
[Site "Internet Chess Club"]
[Date "2021.04.11"]
[Round "3"]
[White "ominousc"]
[Black "LeftHand"]
[Result "0-1"]
[ICCResult "White resigns"]
[WhiteElo "1430"]
[BlackElo "1178"]
[Opening "Alekhine's defense: Scandinavian variation"]
[ECO "B02"]
[NIC "AL.10"]
[Time "14:52:12"]
[TimeControl "300+3"]

1. e4 Nf6 2. Nc3 d5 3. e5 Nfd7 4. Nxd5 e6 5. Nf4 Nxe5 6. Bb5+ Bd7 7. Bxd7+
Qxd7 8. Nf3 Nbc6 9. Qe2 Nxf3+ 10. Qxf3 Be7 11. O-O Bf6 12. Nh5 Qe7 13. Re1
O-O 14. Qe4 g6 15. Nxf6+ Qxf6 16. h3 Rad8 17. a4 Nd4 18. Ra3 Qf5 19. Qxb7
Nxc2 20. Rf3 Qd5 21. Qxd5 Rxd5 22. Re4 Nd4 23. Rd3 Rfd8 24. Kf1 c5 25. b3
Nf5 26. Rxd5 Rxd5 27. Bb2 Nd4 28. b4 Nb3 29. Bc3 cxb4 30. Bxb4 Rxd2 31. Ke1
Ra2 32. Re3 Nd4 33. Rd3 Nc2+ 34. Kd1 Nxb4 35. Rd8+ Kg7 36. Ra8 Rxa4 37. Kd2
Ra2+ 38. Kc3 Nd5+ 39. Kd3 Rxf2 40. Rxa7 Rxg2 41. Ke4 Rg3 42. Ra1 Rxh3 43.
Rg1 Rh4+ 44. Kf3 Rf4+ 45. Ke2 h5 46. Rh1 Kh6 47. Kd3 g5 48. Ke2 h4 49. Rg1
Kh5 50. Rg2 g4 51. Rf2 Rxf2+ 52. Kxf2 f5 53. Kg2 f4 54. Kf2 h3 55. Kg1 g3
56. Kh1 e5 57. Kg1 e4 58. Kf1 e3 59. Ke1 h2 {White resigns} 0-1

[Event "ICC tourney 2545 (5 3)"]
[Site "Internet Chess Club"]
[Date "2021.04.11"]
[Round "3"]
[White "Hewett555"]
[Black "cornfed"]
[Result "0-1"]
[ICCResult "White checkmated"]
[WhiteElo "1459"]
[BlackElo "1825"]
[Opening "Scandinavian gambit"]
[ECO "B01"]
[NIC "SD.03"]
[Time "14:53:22"]
[TimeControl "300+3"]

1. e4 d5 2. exd5 Nf6 3. c4 c6 4. Nc3 cxd5 5. Nf3 d4 6. Nb5 Nc6 7. b3 a6 8.
Na3 e5 9. d3 Bxa3 10. Bxa3 Qa5+ 11. Qd2 Qxa3 12. Be2 O-O 13. O-O h6 14. h3
Qb4 15. Qc1 a5 16. Nh4 Qe7 17. Bf3 Ne8 18. g3 Bxh3 19. Re1 Nd6 20. c5 Nb5
21. a4 Nc3 22. Bxc6 bxc6 23. Nf3 Qxc5 24. Qd2 f6 25. Rac1 Qd5 26. Nh4 g5 27.
Kh2 gxh4 28. Kxh3 Kh7 29. Rg1 Rg8 30. g4 Qf3+ 31. Kh2 Ne2 32. Qd1 Nxg1 33.
Kxg1 Rxg4+ 34. Kf1 Qh1+ 35. Ke2 Qxd1+ 36. Rxd1 h3 37. Rh1 Rh4 38. Kf3 Rg8
39. Rh2 Rg2 40. Rxg2 hxg2 41. Kxg2 Kg6 42. Kg3 Rf4 43. f3 Kg5 44. b4 e4 45.
dxe4 d3 46. b5 d2 47. b6 d1=Q 48. b7 Qg1+ 49. Kh3 Rh4# {White checkmated}
0-1

[Event "ICC tourney 2545 (5 3)"]
[Site "Internet Chess Club"]
[Date "2021.04.11"]
[Round "3"]
[White "Macroeconomist"]
[Black "DrDrunkenstyn"]
[Result "0-1"]
[ICCResult "White forfeits on time"]
[WhiteElo "1396"]
[BlackElo "1627"]
[Opening "Sicilian: Smith-Morra gambit"]
[ECO "B21"]
[NIC "SI.48"]
[Time "14:52:59"]
[TimeControl "300+3"]

1. e4 c5 2. d4 cxd4 3. Qxd4 Nc6 4. Qe3 Nf6 5. Nc3 a6 6. Bd2 g6 7. O-O-O Bg7
8. h3 b5 9. f4 d6 10. g4 b4 11. Nd5 a5 12. Bb5 Bd7 13. Nxf6+ Bxf6 14. Nf3
Rb8 15. Qe2 O-O 16. Be3 Qc7 17. Kb1 Rfc8 18. g5 Bg7 19. Bd3 a4 20. Rc1 Qa5
21. h4 Be6 22. Bc4 Bg4 23. Bd5 Nd4 24. Bxd4 Bxd4 25. Qg2 Bxf3 26. Qxf3 e6
27. f5 exd5 28. fxg6 fxg6 29. h5 b3 30. hxg6 bxc2+ 31. Rxc2 hxg6 32. Rxc8+
Rxc8 33. Qh3 Qc7 34. Qe6+ Kg7 {White forfeits on time} 0-1

[Event "ICC tourney 2545 (5 3)"]
[Site "Internet Chess Club"]
[Date "2021.04.11"]
[Round "3"]
[White "skbvidya"]
[Black "jab"]
[Result "1-0"]
[ICCResult "Black resigns"]
[WhiteElo "1233"]
[BlackElo "1421"]
[Opening "Sicilian"]
[ECO "B54"]
[NIC "SI.01"]
[Time "14:53:24"]
[TimeControl "300+3"]

1. e4 c5 2. Nf3 d6 3. d4 cxd4 4. Nxd4 e5 5. Nb3 a5 6. a4 Bd7 7. Nc3 Nc6 8.
Be3 f5 9. Bd3 f4 10. Bd2 Nf6 11. Qe2 Be7 12. O-O-O Nb4 13. Bb5 O-O 14. Bc4+
Kh8 15. Bd5 Qc7 16. g3 fxg3 17. hxg3 Bg4 18. f3 Nfxd5 19. Nxd5 Nxd5 20. fxg4
Rac8 21. c3 Nb4 22. Qh2 Nd3+ 23. Kb1 h6 24. Bxh6 Rf2 25. Bxg7+ Kxg7 26. Qh6+
Kf7 27. Rxd3 Ke8 28. Qe6 Rf8 29. Rhd1 Qd7 30. Rxd6 Qxe6 31. Rxe6 Kf7 32.
Rxe5 Bf6 33. Rf5 Kg6 34. Rd6 Rce8 35. g5 Rxe4 36. Rdxf6+ Rxf6 37. Rxf6+ Kxg5
38. Rb6 Re1+ 39. Ka2 Re5 40. Rxb7 Kg4 41. Rb5 Re2 42. Rxa5 Kxg3 43. Rb5 Kf4
44. Rb4+ Ke3 45. a5 Rh2 46. a6 Rh7 47. Rb7 Rh6 48. Nc5 Kd2 49. a7 Rc6 50.
a8=Q Rxc5 51. Qd8+ Kc2 52. b4 Rxc3 53. Rc7 Rxc7 54. Qxc7+ {Black resigns}
1-0

[Event "ICC tourney 2545 (5 3)"]
[Site "Internet Chess Club"]
[Date "2021.04.11"]
[Round "3"]
[White "EVMIGR"]
[Black "pawnmoves22"]
[Result "0-1"]
[ICCResult "White resigns"]
[WhiteElo "1427"]
[BlackElo "1640"]
[Opening "KP: Nimzovich defense"]
[ECO "B00"]
[NIC "VO.04"]
[Time "14:53:23"]
[TimeControl "300+3"]

1. e4 Nc6 2. g3 Nf6 3. Bg2 e5 4. d3 Bc5 5. Be3 Bxe3 6. fxe3 d6 7. Qd2 O-O 8.
Ne2 Bg4 9. O-O Qd7 10. Nbc3 Rae8 11. Rf2 Ne7 12. Raf1 c5 13. h3 Bxh3 14.
Bxh3 Qxh3 15. Rh2 Qd7 16. Kg2 b5 17. Ng1 b4 18. Nd1 d5 19. exd5 Qxd5+ 20.
Nf3 e4 21. dxe4 Nxe4 22. Qxd5 Nxd5 23. Rfh1 Nef6 24. Ng5 h6 25. c4 bxc3 26.
bxc3 Nxe3+ 27. Nxe3 Rxe3 28. Nf3 Rxc3 29. Rh4 Rc2+ 30. Kf1 Rxa2 31. g4 Rb8
32. g5 Rb1+ 33. Ne1 Raa1 34. Kf2 Rxe1 35. Rxe1 Rxe1 36. Kxe1 hxg5 37. Rc4
Nd7 38. Ke2 f5 39. Kf2 Kf7 40. Ra4 Ke6 41. Rxa7 f4 42. Kf3 c4 43. Rc7 g6 44.
Kg4 Ne5+ 45. Kxg5 f3 46. Ra7 Kd5 47. Kf4 Kd4 48. Ra8 f2 49. Ra1 c3 50. Rd1+
Kc4 51. Kxe5 c2 52. Rc1 Kc3 53. Ke4 Kd2 {White resigns} 0-1

[Event "ICC tourney 2545 (5 3)"]
[Site "Internet Chess Club"]
[Date "2021.04.11"]
[Round "3"]
[White "TheGMnexttou"]
[Black "Onandov"]
[Result "0-1"]
[ICCResult "White forfeits on time"]
[WhiteElo "1528"]
[BlackElo "1644"]
[Opening "Scandinavian: Pytel-Wade variation"]
[ECO "B01"]
[NIC "SD.02"]
[Time "14:54:03"]
[TimeControl "300+3"]

1. e4 d5 2. exd5 Qxd5 3. Nc3 Qd6 4. Nf3 Nf6 5. Bb5+ c6 6. Ba4 Bf5 7. O-O h6
8. d4 e6 9. Re1 Be7 10. Ne5 O-O 11. Bf4 Qd8 12. Bb3 Nbd7 13. Nc4 Nb6 14. Ne5
Nbd5 15. Bg3 Nxc3 16. bxc3 Qa5 17. c4 Rfd8 18. Qf3 Rxd4 19. Qe3 Qd2 20. Qxd2
Rxd2 21. Nf3 Rdd8 22. Bc7 Rd7 23. Bg3 Rc8 24. Re5 Ne4 25. Ra5 Nxg3 26. hxg3
a6 27. g4 Bf6 28. Re1 Bxg4 29. Ne5 Bxe5 30. Raxe5 Rcd8 31. c5 Rd1 32. f3
Rxe1+ 33. Rxe1 Bf5 34. g4 Bg6 35. Kf2 Rd2+ 36. Ke3 Rh2 37. Kf4 Bxc2 38. Bxc2
Rxc2 39. a3 Rxc5 40. Rb1 b5 41. Rd1 Rd5 42. Rc1 c5 43. Ke4 Kf8 44. Rb1 Ke7
45. Rb3 Kd6 46. Rb1 c4 47. Rc1 Kc5 {White forfeits on time} 0-1

[Event "ICC tourney 2545 (5 3)"]
[Site "Internet Chess Club"]
[Date "2021.04.11"]
[Round "3"]
[White "bumper10"]
[Black "pribi1978"]
[Result "1-0"]
[ICCResult "Black checkmated"]
[WhiteElo "2169"]
[BlackElo "1658"]
[Opening "French: advance variation"]
[ECO "C02"]
[NIC "FR.03"]
[Time "14:53:23"]
[TimeControl "300+3"]

1. e4 e6 2. d4 d5 3. e5 c5 4. c3 Qb6 5. Nf3 Nc6 6. a3 Nh6 7. b4 cxd4 8. cxd4
Nf5 9. Bb2 Bd7 10. g4 Nfe7 11. Nc3 h5 12. Na4 Qc7 13. gxh5 Rxh5 14. Rc1 a6
15. Nc5 Nf5 16. h4 Bxc5 17. Rxc5 Qd8 18. Bc1 Nxh4 19. Ng5 g6 20. Qg4 f5 21.
Qxh4 Rxh4 22. Rxh4 Qb6 23. Rh8+ Ke7 24. Rxa8 Nxb4 25. Nf3 Nc6 26. Bg5+ Kf7
27. Bf6 Qb1+ 28. Kd2 g5 29. Nxg5+ Kg6 30. Rg8+ Kh5 31. Be2+ Kh6 32. Nf7+ Kh7
33. Rg7# {Black checkmated} 1-0

[Event "ICC tourney 2545 (5 3)"]
[Site "Internet Chess Club"]
[Date "2021.04.11"]
[Round "3"]
[White "Lewton"]
[Black "vassily1666"]
[Result "1-0"]
[ICCResult "Black forfeits on time"]
[WhiteElo "2221"]
[BlackElo "1680"]
[Opening "English: Bremen, Smyslov system"]
[ECO "A22"]
[NIC "EO.11"]
[Time "14:53:23"]
[TimeControl "300+3"]

1. c4 e5 2. Nc3 Nf6 3. g3 Bb4 4. Bg2 O-O 5. Nd5 Bc5 6. d3 c6 7. Nxf6+ Qxf6
8. Nf3 h6 9. O-O d6 10. Rb1 a5 11. b3 Bg4 12. Bb2 Qe6 13. d4 exd4 14. Nxd4
Qd7 15. Qd2 Bh3 16. Rfd1 Bxg2 17. Kxg2 Qg4 18. Qc2 Nd7 19. Qf5 Nf6 20. Qxg4
Nxg4 21. e3 Rad8 22. Nf5 f6 23. h3 Ne5 24. f4 Ng6 25. Kf3 Kf7 26. e4 Rfe8
27. Rd3 Ne7 28. Ne3 Bxe3 29. Rxe3 d5 30. cxd5 cxd5 31. Rbe1 dxe4+ 32. Rxe4
Nd5 33. Rxe8 Rxe8 34. Rxe8 Kxe8 35. Ke4 Nb4 36. a3 Nc6 37. f5 Kd7 38. g4 Kd6
39. Bc3 b6 40. h4 Ne7 41. Bd4 Nd5 42. g5 hxg5 43. hxg5 b5 44. a4 b4 45. gxf6
gxf6 46. Bb2 Nc3+ 47. Kd4 Ne2+ 48. Kc4 Kc6 49. Bxf6 Ng3 50. Bd8 Nxf5 51.
Bxa5 Ne3+ 52. Kxb4 Nc2+ 53. Kc3 Ne3 54. Bd8 {Black forfeits on time} 1-0

[Event "ICC tourney 2545 (5 3)"]
[Site "Internet Chess Club"]
[Date "2021.04.11"]
[Round "3"]
[White "fearlessone"]
[Black "Vision2000"]
[Result "1-0"]
[ICCResult "Black forfeits on time"]
[WhiteElo "1670"]
[BlackElo "1427"]
[Opening "English: symmetrical variation"]
[ECO "A34"]
[NIC "EO.64"]
[Time "14:52:32"]
[TimeControl "300+3"]

1. c4 c5 2. Nc3 g6 3. g3 Bg7 4. Bg2 e5 5. e3 Ne7 6. Nge2 Nbc6 7. O-O O-O 8.
a3 d6 9. Rb1 Rb8 10. b4 Be6 11. Qa4 cxb4 12. axb4 Bxc4 13. b5 Bd3 14. Ra1
Nd4 15. exd4 exd4 16. Nxd4 Bxf1 17. Bxf1 Qb6 18. Nb3 d5 19. d4 Nf5 20. Nxd5
Qd6 21. Bg2 a6 22. Bf4 Qe6 23. Bxb8 Rxb8 24. bxa6 bxa6 25. Nc5 Qe2 26. Qxa6
Qb2 27. Rf1 Bxd4 28. Nd3 Qe2 29. N5f4 Qd2 30. Qc4 h5 31. h4 Rd8 32. Nxg6
Nxg3 33. Ngf4 {Black forfeits on time} 1-0

[Event "ICC tourney 2545 (5 3)"]
[Site "Internet Chess Club"]
[Date "2021.04.11"]
[Round "3"]
[White "Eberhard"]
[Black "A4-H5"]
[Result "1-0"]
[ICCResult "Black checkmated"]
[WhiteElo "2017"]
[BlackElo "1888"]
[Opening "Sicilian: Nimzovich-Rubinstein variation"]
[ECO "B29"]
[NIC "SI.43"]
[Time "14:52:33"]
[TimeControl "300+3"]

1. e4 c5 2. Nf3 Nf6 3. Nc3 d5 4. exd5 Nxd5 5. Bb5+ Bd7 6. a4 Nxc3 7. bxc3
Bxb5 8. axb5 g6 9. c4 Bg7 10. Ra3 O-O 11. O-O Nd7 12. Re1 Nb6 13. d3 h6 14.
Bd2 Bb2 15. Ra2 Bg7 16. Be3 Qc7 17. Qd2 Kh7 18. Qe2 e6 19. Nd2 Rfc8 20. Nb3
Nd7 21. Qf3 f5 22. Bc1 Re8 23. Bb2 Nf6 24. h3 b6 25. Be5 Qd7 26. Rea1 g5 27.
Qc6 Qf7 28. Qf3 g4 29. hxg4 fxg4 30. Qe2 h5 31. d4 cxd4 32. Nxd4 Qd7 33. Nc6
a5 34. Rd1 Qf7 35. Ra3 Qg6 36. Rad3 Rf8 37. c5 Nd5 38. Rxd5 exd5 39. cxb6
Rae8 40. Rxd5 Rf5 41. b7 g3 42. fxg3 Bxe5 43. Nxe5 Qb6+ 44. Kh2 Rfxe5 45.
Rxe5 Rxe5 46. Qxe5 Qxb7 47. c4 a4 48. Qd6 h4 49. Qd3+ Kh6 50. Qe3+ Kg6 51.
Qe6+ Kg7 52. Qe5+ Kg6 53. gxh4 a3 54. Qd6+ Kh5 55. Qxa3 Qc7+ 56. Qg3 Qxc4
57. Qg5# {Black checkmated} 1-0

[Event "ICC tourney 2545 (5 3)"]
[Site "Internet Chess Club"]
[Date "2021.04.11"]
[Round "3"]
[White "colorfulcake"]
[Black "IAlwaysWin"]
[Result "1-0"]
[ICCResult "Black forfeits on time"]
[WhiteElo "1412"]
[BlackElo "1560"]
[Opening "French: Winawer, Alekhine (Maróczy) gambit"]
[ECO "C15"]
[NIC "FR.08"]
[Time "14:53:17"]
[TimeControl "300+3"]

1. e4 e6 2. d4 d5 3. Nc3 Bb4 4. Ne2 Nf6 5. a3 Be7 6. e5 Nfd7 7. b4 a5 8. b5
c5 9. bxc6 Nxc6 10. Nf4 Qb6 11. Be3 O-O 12. Rb1 Qc7 13. Nb5 Qd8 14. Bd3 b6
15. a4 Nb4 16. h4 Nxd3+ 17. Qxd3 Ba6 18. Nh3 Rc8 19. Ng5 g6 20. f4 Bxg5 21.
hxg5 Bxb5 22. Rxb5 Qc7 23. Rb2 Qc3+ 24. Qxc3 Rxc3 25. Kd2 Rc4 26. Ra2 Rfc8
27. Rc1 Nb8 28. c3 Nc6 29. Rcc2 Ne7 30. g4 R8c6 31. Kd3 Kf8 32. Bd2 Ke8 33.
Rc1 Kd7 34. Rh1 Ke8 35. Rxh7 Kf8 36. Kc2 Kg8 37. Rh6 Nc8 38. Ra1 Na7 39.
Rah1 Kf8 40. Kb3 b5 41. Rh8+ Ke7 42. Ra8 bxa4+ 43. Ka3 Nb5+ 44. Kb2 Nxc3 45.
Bxc3 Rxc3 46. Ra7+ Kf8 47. Rxa5 R3c4 48. Ra8+ Kg7 49. Rah8
{Black forfeits on time}
1-0

[Event "ICC tourney 2545 (5 3)"]
[Site "Internet Chess Club"]
[Date "2021.04.11"]
[Round "3"]
[White "orak"]
[Black "objetpetit-zam"]
[Result "1-0"]
[ICCResult "Black forfeits on time"]
[WhiteElo "1613"]
[BlackElo "1380"]
[Opening "French: advance variation"]
[ECO "C02"]
[NIC "FR.03"]
[Time "14:52:41"]
[TimeControl "300+3"]

1. e4 e6 2. d4 d5 3. e5 b6 4. Qg4 Ba6 5. Be2 Bxe2 6. Nxe2 Ne7 7. O-O Nf5 8.
Nbc3 a6 9. Be3 Nc6 10. Ng3 Nh6 11. Qh3 Qe7 12. a3 g5 13. Nh5 g4 14. Qg3
O-O-O 15. Rfe1 Nf5 16. Qxg4 Bh6 17. Nf6 Bxe3 18. fxe3 Qf8 19. Ncxd5 h5 20.
Qh3 Qh6 21. Nf4 Nce7 22. c3 Ng6 23. Nxg6 fxg6 24. e4 Ng7 25. Rad1 g5 26. d5
g4 27. Qg3 exd5 28. exd5 Nf5 29. Qf2 Qg5 30. c4 h4 31. Ne4 Qg6 32. c5 g3 33.
Qf3 gxh2+ 34. Kxh2 bxc5 35. d6 Nd4 36. Qh3+ Kb7 37. Nxc5+ Kc6 38. Rxd4 cxd6
39. Ne6 Rd7 40. Qc3+ Kb7 41. exd6 {Black forfeits on time} 1-0